 Dungeon Crawl Stone Soup version 0.28.0-53-g5a82cb258f (webtiles) character file.

Game seed: 6253146123640512327

49 nickcage the Slasher (level 3, -1/27 HPs)
             Began as a Demonspawn Gladiator on July 11, 2022.
             Slain by Terence
             ... wielding a +0 flail
              (3 damage)
             ... on level 2 of the Dungeon.
             The game lasted 00:03:24 (1608 turns).

nickcage the Slasher (Demonspawn Gladiator)         Turns: 1608, Time: 00:03:24

Health: -1/27      AC:  8    Str: 16    XL:     3   Next: 53%
Magic:  3/3        EV:  6    Int:  9    God:
Gold:   48         SH:  3    Dex: 14    Spells: 2/2 levels left

rFire   . . .      SeeInvis .   a - +0 long sword
rCold   . . .      Faith    .   o - +0 buckler
rNeg    . . .      Spirit   .   j - +0 chain mail
rPois   .          Reflect  .   (helmet restricted)
rElec   .          Harm     .   (no cloak)
rCorr   .          Rampage  .   (no gloves)
Will    .....                   (no boots)
Stlth   ..........              (no amulet)
HPRegen 0.09/turn               (no ring)
MPRegen 0.08/turn               (no ring)

@: no status effects
A: horns 2
a: no special abilities


You were on level 2 of the Dungeon.
You visited 1 branch of the dungeon, and saw 2 of its levels.

You collected 48 gold pieces.

Inventory:

Hand Weapons
 a - a +0 long sword (weapon)
Missiles
 d - 2 throwing nets (quivered)
Armour
 b - a +0 leather armour
 c - a +0 helmet
 j - a +0 chain mail (worn)
 o - a +0 buckler (worn)
Jewellery
 e - a ring of ice
 k - a +6 ring of strength
 n - a ring of wizardry
 p - a +6 ring of intelligence
Scrolls
 g - a scroll of torment {unknown}
 m - a scroll of holy word {unknown}
Potions
 f - a potion of degeneration {unknown}
 h - 2 potions of curing {unknown}
 i - a potion of brilliance {unknown}
 l - a potion of heal wounds {unknown}
 q - a potion of mutation {unknown}


   Skills:
 - Level 2.0 Fighting
 + Level 4.2 Long Blades
 - Level 1.7 Throwing
 - Level 2.6 Dodging


You had 2 spell levels left.
You didn't know any spells.
Your spell library contained the following spells:

 Spells                   Type           Power      Damage    Failure   Level
 Beastly Appendage        Tmut           0%         N/A       100%        1
 Wereblood                Tmut           0%         N/A       100%        2
 Spider Form              Tmut/Pois      0%         N/A       100%        3


Dungeon Overview and Level Annotations

Branches:
Dungeon (2/15)

Altars:

Annotations:
D:2 Terence


Innate Abilities, Weirdness & Mutations

You have a pair of horns on your head.


Message History

Terence the Incautious comes into view.
He is wielding a +0 flail.
Found a war axe.
Terence shouts!
A rat comes into view.
You throw a throwing net. The throwing net hits Terence.
Terence is caught in the net!
Terence struggles against the net.
Terence struggles against the net.
Terence struggles against the net.
The net rips apart, and Terence comes free!
There is a stone staircase leading up here.
The rat bites you but does no damage.
You climb upwards.
There is a stone staircase leading down here.
You slash the rat!
You kill the rat!
You climb downwards.
Level annotation: Terence Terence hits you but does no damage.
There is a stone staircase leading up here.
You hit Terence but do no damage. You headbutt Terence, but do no damage.
Terence hits you with a +0 flail!
You hit Terence but do no damage. Terence hits you with a +0 flail.
You block Terence's attack.
You hit Terence.
Terence is lightly wounded.
Terence hits you with a +0 flail!
* * * LOW HITPOINT WARNING * * *
You are too injured to fight recklessly!
You are too injured to fight recklessly!
You hit Terence but do no damage. You headbutt Terence.
Terence is moderately wounded.
Terence hits you with a +0 flail.
* * * LOW HITPOINT WARNING * * *
You hit Terence.
Terence is heavily wounded.
Terence hits you but does no damage.
You barely miss Terence.
Terence is heavily wounded.
Terence hits you with a +0 flail.
You die...

##.## #........### ....#
#..........
.#..######.........#####.
##.......................
...................?.#
.####.###.###....^..r# .
#####.....###.#.###......
.........)#...†...#.....)
#####..#.##.#.#.@...#####
.#........#.#.#.@.#.#
.#.##.....#.#.#.....#
...#<.##..).#.#.#.###
......##..###.#....
...#..........####.#
..............# ..
..............# #.#
..............#


You could see Terence.

Vanquished Creatures
  An adder (D:2)
  A worm (D:2)
  2 dart slugs (D:1)
  5 endoplasms
  4 giant cockroaches
  2 goblins (D:1)
  2 hobgoblins (D:1)
  2 jackals (D:1)
  A quokka (D:1)
  A ball python (D:1)
  2 bats (D:2)
  3 frilled lizards (D:2)
  3 kobolds (D:1)
  3 rats (D:1)
32 creatures vanquished.

Vanquished Creatures (others)
  5 fungi (D:1)
  5 plants (D:1)
10 creatures vanquished.

Grand Total: 42 creatures vanquished

Notes
Turn   | Place    | Note
-------+----------+-------------------------------------------
     0 | D:1      | nickcage the Demonspawn Gladiator began the quest for the
                  | Orb.
     0 | D:1      | Reached XP level 1. HP: 16/16 MP: 1/1
   159 | D:1      | Found a faded altar of an unknown god.
   227 | D:1      | Reached skill level 3 in Long Blades
   266 | D:1      | Gained mutation: You have a pair of small horns on your
                  | head. [demonic ancestry]
   266 | D:1      | Reached XP level 2. HP: 15/22 MP: 2/2
  1050 | D:2      | Gained mutation: You have a pair of horns on your head.
                  | [demonic ancestry]
  1050 | D:2      | Reached XP level 3. HP: 27/27 MP: 3/3
  1183 | D:2      | Reached skill level 4 in Long Blades
  1588 | D:2      | Noticed Terence
  1608 | D:2      | Slain by Terence

Illustrated notes

Levels and vault maps discovered:
D:1:      ncdulo_lavacross, layout_basic, dreamdust_ecumenical_altar_grove
D:2:      layout_basic, minmay_pentomino_z4, uniq_terence

Skill      XL: |  1  2  3 |
---------------+----------+-----
Long Blades    | 3 4 |  4.2
Fighting       | |  2.0
Throwing       | |  1.7
Dodging        | |  2.6

Action                   || total
-------------------------++-------
Melee: Long sword        ||    88
       Headbutt          ||    15
       Punch             ||     1
Throw: Throwing net      ||     1
Armor: Leather armour    ||     4
       Chain mail        ||    35
Dodge: Dodged            ||    26
Block: Buckler           ||     6
